 Dungeon Crawl Stone Soup version 0.26-a0-651-gb41185065b (webtiles) character file.

Game seed: 16657999518012607114

35 Irenicus the Slasher (level 3, 0/31 HPs)
             Began as a Minotaur Chaos Knight on Oct 29, 2020.
             Was a Plaything of Xom.
             Succumbed to an adder's poison
             ... on level 2 of the Dungeon.
             The game lasted 00:01:21 (643 turns).

Irenicus the Slasher (Minotaur Chaos Knight)         Turns: 643, Time: 00:01:21

Health: 0/31       AC:  6    Str: 16    XL:     3   Next: 16%
Magic:  2/2        EV: 11    Int:  9    God:    Xom [..*...]
Gold:   71         SH:  0    Dex: 10    Spells: 2/2 levels left

rFire    + . .     SeeInvis .   a - +0 falchion (chaos)
rCold    . . .     Faith    .   (no shield)
rNeg     . . .     Spirit   .   b - +2 leather armour
rPois    .         Reflect  .   (helmet restricted)
rElec    .         Harm     .   (no cloak)
rCorr    .         Rampage  .   (no gloves)
MR       .....                  g - +0 pair of boots
Stlth    +.........             (no amulet)
HPRegen  0.10/turn              c - ring of protection from fire {rF+, !d}
MPRegen  0.08/turn              (no ring)

@: lethally poisoned (0 -> -5), lightly drained
A: retaliatory headbutt, horns 2
a: Renounce Religion


You were on level 2 of the Dungeon.
You worshipped Xom.
You were a toy of Xom.
You visited 1 branch of the dungeon, and saw 2 of its levels.

You collected 71 gold pieces.

Inventory:

Hand Weapons
 a - a +0 falchion of chaos (weapon)
Armour
 b - a +2 leather armour (worn)
 g - a +0 pair of boots (worn)
   (You found it on level 1 of the Dungeon)
Jewellery
 c - a ring of protection from fire (left hand) {rF+, !d}
   (You found it on level 1 of the Dungeon)
Scrolls
 d - a scroll of random uselessness {unknown}
 e - a scroll of identify {unknown}
 h - a scroll of magic mapping {unknown}
 i - a scroll of fog {unknown}
 j - a scroll of enchant armour {unknown}
 k - a scroll of fear {unknown}
Potions
 f - 2 potions of ambrosia {unknown}


   Skills:
 - Level 3.6(3.3) Fighting
 + Level 5.2(4.9) Long Blades
 - Level 2.4(2.1) Armour
 - Level 1.1(0.8) Dodging


You had 2 spell levels left.
You didn't know any spells.
Your spell library was empty.

Dungeon Overview and Level Annotations

Branches:
Dungeon (2/15)

Altars:
Elyvilon
Vehumet


Innate Abilities, Weirdness & Mutations

You reflexively headbutt those who attack you in melee.
You have a pair of horns on your head.


Message History

You hit the goblin. You burn the goblin. Your headbutt misses the goblin.
The goblin is severely wounded.
The goblin hits you.
You take 4 damage, and have 23/31 hp.
You slash the goblin!
You kill the goblin!
Found a stone staircase leading up.
k - a scroll labeled SUNAOF WINYENK Xom grants you insight.
You feel aware of your surroundings.
A goblin comes into view. It is wielding a +0 club.
The goblin moves out of view.
You regained 3 hp, and now have 27/31 hp.
The goblin unwields a +0 club.
The goblin wields a +0 hunting sling.
The goblin shoots a sling bullet.
The sling bullet hits you.
You see here a sling bullet.
You take 5 damage, and have 22/31 hp.
A goblin is nearby!
The goblin shoots a sling bullet.
The sling bullet closely misses you.
You see here a sling bullet.
The goblin shoots a sling bullet.
The sling bullet closely misses you.
The goblin shoots a sling bullet.
The sling bullet hits you but does no damage.
You see here a sling bullet.
The goblin shoots a sling bullet.
The sling bullet barely misses you.
The goblin unwields a +0 hunting sling.
The goblin wields a +0 club.
The goblin misses you.
You barely miss the goblin. You headbutt the goblin.
You kill the goblin!
Things that are here:
a +0 club; a +0 hunting sling; 8 sling bullets
Found a white marble altar of Elyvilon.
You now have 71 gold pieces (gained 11).
Found a stone staircase leading down.
A quokka comes into view.
Found a radiant altar of Vehumet.
The quokka barely misses you. You furiously retaliate!
You headbutt the quokka.
You riposte.
You closely miss the quokka.
The quokka is moderately wounded.
The quokka closely misses you.
You riposte.
You barely miss the quokka. Your headbutt misses the quokka.
The quokka is moderately wounded.
You hit the quokka.
The quokka is heavily wounded.
The quokka bites you but does no damage.
You barely miss the quokka.
The quokka is heavily wounded.
The quokka closely misses you.
You hit the quokka. You freeze the quokka.
You kill the quokka!
Found a stone staircase leading up.
An adder comes into view.
The adder hisses angrily.
You hear a shout!
A goblin comes into view. It is wielding a +0 dagger.
The adder moves out of view.
A goblin is nearby!
A wight comes into view. It is wielding a +5 trident.
You barely miss the goblin. The goblin completely misses you.
You hit the goblin. You burn the goblin.
You kill the goblin!
You hit the adder.
The adder is moderately wounded.
The adder bites you.
You are poisoned.
The adder poisons you! The wight closely misses you.
The adder barely misses you.
You riposte.
You closely miss the adder.
The adder is moderately wounded.
You take 2 damage, and have 24/31 hp.
You hit the adder. You burn the adder. Your headbutt misses the adder.
The adder is severely wounded.
You feel sick. The adder closely misses you.
The wight hits you from afar with a +5 trident.
You feel drained.
You take 9 damage, and have 15/31 hp.
MASSIVE DAMAGE!!
You closely miss the adder.
The adder is severely wounded.
The adder bites you but does no damage.
A worm comes into view.
The wight hits you from afar with a +5 trident.
You take 4 damage, and have 11/31 hp.
The adder closely misses you. The adder bites you.
* * * LOW HITPOINT WARNING * * *
You take 4 damage, and have 7/31 hp.
You feel sick.
You take 1 damage, and have 6/31 hp.
You see here 10 stones.
The adder closely misses you.
You riposte.
You hit the adder but do no damage.
The adder is severely wounded.
You barely miss the adder.
The adder is severely wounded.
You feel sick. The adder bites you.
* * * LOW HITPOINT WARNING * * *
You are more poisoned.
The adder poisons you!
You take 5 damage, and have 1/31 hp.
The adder closely misses you.
You barely miss the adder.
The adder is severely wounded.
You die...
Xom giggles madly!

#. .. #.# #w #..
.. #.###.
#####.#.. ###
......#)###.###.#
######
#....z(.z...#
......
#..####.#.### ###
#....@S(..# #..
#.#####.### #.#
##.## #)# #.#
#####...####<###
#.#
#...............
#.#
..###...####....
#.# ##.## #####
##.# ##.## #.#...
#...# #.....


You could see a wight and an adder.

Vanquished Creatures
  A dart slug (D:1)
  A leopard gecko (D:1)
  7 goblins
  2 hobgoblins
  2 jackals (D:1)
  A quokka (D:2)
  5 bats (D:1)
  3 frilled lizards (D:1)
  4 kobolds (D:1)
  3 rats
29 creatures vanquished.

Notes
Turn   | Place    | Note
-------+----------+-------------------------------------------
     0 | D:1      | Irenicus the Minotaur Chaos Knight began the quest for the
                  | Orb.
     0 | D:1      | Reached XP level 1. HP: 19/19 MP: 0/0
    21 | D:1      | XOM: divination: detect creatures
    88 | D:1      | Reached skill level 4 in Long Blades
    92 | D:1      | Reached XP level 2. HP: 26/26 MP: 1/1
   293 | D:1      | Reached skill level 5 in Long Blades
   547 | D:2      | Reached XP level 3. HP: 30/31 MP: 2/2
   560 | D:2      | XOM: divination: magic mapping
   596 | D:2      | Found a white marble altar of Elyvilon.
   615 | D:2      | Found a radiant altar of Vehumet.
   636 | D:2      | HP: 7/31 [adder (4)]
   641 | D:2      | HP: 5/31 [poisoned by an adder]
   641 | D:2      | HP: 1/31 [adder (4)]
   643 | D:2      | Succumbed to an adder's poison

Illustrated notes

Levels and vault maps discovered:
D:1:      psy_arrival_terrarium, layout_loops_ring
D:2:      layout_loops_ring, elyvilon_altar_3, marbit_many_paths,
          fiery_altar_vehumet, minmay_indecisive_spiral

Skill      XL: |  1  2 |
---------------+-------+-----
Long Blades    | 4 5 |  5.2
Fighting       | |  3.6
Armour         | |  2.4
Dodging        | |  1.1

Action                   || total
-------------------------++-------
Melee: Falchion          ||    59
       Headbutt          ||     3
Armor: Leather armour    ||    27
Dodge: Dodged            ||    56
       Rpst.: Falchion   ||    16

Table legend: (Time is in decaauts)
 A = Elapsed time spent in this place.
 B = Non-inter-level travel time spent in this place.
 C = Inter-level travel time spent in this place.
 D = Time resting spent in this place.
 E = Time spent auto-exploring this place.
 F = Levels seen in this place.
 G = Mean time per level.
                   A        B        C        D        E       F      G
               +--------+--------+--------+--------+--------+-----+--------+
         Total |    645 |    622 |     23 |      0 |    465 |   2 |  322.5 |
       Dungeon |    645 |    622 |     23 |      0 |    465 |   2 |  322.5 |
               +--------+--------+--------+--------+--------+-----+--------+

Top non-repeatable levels by time:
     D:1: 544 daAuts
     D:2: 101 daAuts

Table legend:
 A = Kills in this place as a percentage of kills in entire the game.
 B = Kills by you in this place as a percentage of kills by you in the entire game.
 C = Kills by friends in this place as a percentage of kills by friends in the entire game.
 D = Other kills in this place as a percentage of other kills in the entire game.
 E = Experience gained in this place as a percentage of experience gained in the entire game.
 F = Experience gained in this place divided by the number of levels of this place that you have seen.
                   A       B       C       D       E      F
               +-------+-------+-------+-------+-------+----------------------
         Total | 100.0 | 100.0 |   N/A | 100.0 | 100.0 |  25.0
       Dungeon | 100.0 | 100.0 |   N/A | 100.0 | 100.0 |  25.0
               +-------+-------+-------+-------+-------+----------------------
